[Event "*** Titled Tuesday Blitz"]
[Site "Chess.com"]
[Date "2019.03.05"]
[Round "2"]
[White "Korchmar_Vasiliy"]
[Black "JonahWillow"]
[Result "1-0"]
[WhiteElo "2742"]
[BlackElo "2656"]
[TimeControl "180+2"]
[EndTime "13:22:30 PST"]
[Termination "Korchmar_Vasiliy won by resignation"]

1. d4 Nf6 2. c4 e6 3. g3 c5 4. d5 exd5 5. cxd5 d6 6. Nc3 g6 7. Bg2 Bg7 8. Nf3 O-O 9. O-O a6 10. a4 Nbd7 11. Bf4 Qc7 12. Rc1 Nh5 13. Bg5 Re8 14. Re1 Rb8 15. b4 b6 16. e4 h6 17.
Be3 Nhf6 18. h3 Bb7 19. Nd2 Qd8 20. b5 Ne5 21. Bf1 axb5 22. Nxb5 Bf8 23. f4 Ned7 24. Bg2 Ra8 25. Qc2 Qb8 26. Nc4 Ba6 27. Rb1 Bxb5 28. Rxb5 Qa7 29. Ra1 Nxd5 30. exd5 Bg7 31. Ra3 Rxe3 32.
Nxe3 Bd4 33. Kh2 Nf6 34. Nc4 1-0

[Event "*** Titled Tuesday Blitz"]
[Site "Chess.com"]
[Date "2019.03.05"]
[Round "2"]
[White "LaughingTiger"]
[Black "GremioPrudente"]
[Result "1-0"]
[WhiteElo "2155"]
[BlackElo "2068"]
[TimeControl "180+2"]
[EndTime "13:22:32 PST"]
[Termination "LaughingTiger won on time"]

1. Nf3 d5 2. e3 Nf6 3. c4 e6 4.
b3 b6 5. Bb2 Bb7 6. Be2 Nbd7 7.
O-O Be7 8. d4 O-O 9. Nbd2 dxc4 10. Bxc4 Ne4 11. Nxe4 Bxe4 12. Nd2 Bd5 13. e4 Bb7 14.
Qe2 c6 15. Rad1 Qc7 16. f4 Rfe8 17. Rf3 Rad8 18. Rdf1 Bb4 19. Rg3 Bxd2 20. Qxd2 Nf6 21. Qe2 c5 22. d5 Qe7 23. dxe6 fxe6 24. f5 Kh8 25. Bxe6 Rd6 26. Be5 Rxe6 27. fxe6 Qxe6 28.
Bxf6 gxf6 29. Qg4 Qxg4 30. Rxg4 Bxe4 31. Re1 f5 32. Rf4 Rd8 33. g4 Rd2 34. gxf5 Rg2+ 35. Kf1 Rxh2 36. Rexe4 Rxa2 37. f6 Kg8 38. f7+ 1-0

[Event "*** Titled Tuesday Blitz"]
[Site "Chess.com"]
[Date "2019.03.05"]
[Round "2"]
[White "NIGWAPO"]
[Black "moro182"]
[Result "0-1"]
[WhiteElo "2575"]
[BlackElo "2813"]
[TimeControl "180+2"]
[EndTime "13:22:37 PST"]
[Termination "moro182 won by resignation"]

1. e4 e5 2. Nf3 Nc6 3. Bb5 a6 4. Ba4 Nf6 5. O-O b5 6. Bb3 Bc5 7. d3 d6 8. h3 h6 9. Be3 O-O 10. Nc3 Rb8 11. Qd2 Be6 12. Ne2 Qe7 13. Ng3 Rbd8 14.
Rfe1 Rfe8 15. Bxe6 fxe6 16. Bxc5 dxc5 17. a4 b4 18. b3 Rf8 19. Nf1 Nh5 20. Ne3 Nf4 21. Nh2 Nd4 22. Qd1 h5 23. Kh1 g6 24. Rf1 Qg5 25. Rc1 Nfe2 26. Ra1 Rxf2 27. Rxf2 Qxe3 28.
Rxe2 Nxe2 29. Nf3 Rf8 30. Qe1 Rxf3 31. gxf3 Qxf3+ 32. Kh2 Nf4 33. Qg3 Qe2+ 34. Kh1 Qxc2 35. Rf1 Qxd3 36. Qxd3 Nxd3 37. Rf6 Nf4 0-1

[Event "*** Titled Tuesday Blitz"]
[Site "Chess.com"]
[Date "2019.03.05"]
[Round "2"]
[White "The_Lost_Rogainer"]
[Black "Saitama_Hero"]
[Result "0-1"]
[WhiteElo "2115"]
[BlackElo "2242"]
[TimeControl "180+2"]
[EndTime "13:22:42 PST"]
[Termination "Saitama_Hero won by resignation"]

1. d4 Nf6 2. c4 g6 3. Nc3 Bg7 4. e4 d6 5. f3 O-O 6. Nge2 c5 7. d5 e6 8. Ng3 exd5 9. cxd5 a6 10. a4 h5 11. Bg5 Qb6 12. Qd2 Nh7 13. Bf4 h4 14.
Nge2 Nd7 15. Nc1 h3 16. g4 Ne5 17. Be2 f5 18. O-O fxg4 19. fxg4 Nxg4 20. Bxg4 Bxg4 21. Nd3 c4+ 22. Be3 Bd4 23. Nc5 Bxe3+ 24. Qxe3 Qxc5 25. Qxc5 dxc5 26. e5 Ng5 27. e6 Nf3+ 28.
Kh1 Rfe8 29. Rf2 Nd4 30. Raf1 Bf5 31. Ra1 b6 32. Rff1 Rad8 33. Rfe1 Kg7 34. Re5 Kf6 35.
Rae1 Nf3 36. e7 Nxe5 37. exd8=Q+ Rxd8 0-1

[Event "*** Titled Tuesday Blitz"]
[Site "Chess.com"]
[Date "2019.03.05"]
[Round "2"]
[White "VeraNebolsina"]
[Black "RegZryt"]
[Result "0-1"]
[WhiteElo "2352"]
[BlackElo "2436"]
[TimeControl "180+2"]
[EndTime "13:22:44 PST"]
[Termination "RegZryt won by resignation"]

1. e4 c5 2. Nc3 Nc6 3. Bb5 Nd4 4. Nf3 Nxb5 5. Nxb5 a6 6. Nc3 d6 7. d4 cxd4 8. Qxd4 Nf6 9. Bg5 h6 10. Bxf6 gxf6 11. Nd5 Be6 12. O-O-O Rc8 13. Kb1 h5 14. Nf4 Qa5 15. Nxe6 fxe6 16. e5 fxe5 17. Qe4 Rg8 18. Qh7 Rxg2 19. Qxh5+ Kd8 20. Nxe5 Kc7 21. Qf3 Rg5 22. Nc4 Qc5 23. Ne3 Bg7 24. c3 Kb8 25. h4 Rh5 26. Rhg1 Bf6 27. Rg4 Rxh4 28. Rxh4 Bxh4 29.
Rh1 Bf6 30. Rh5 Qc6 31. Qg4 d5 32. Nc2 e5 33. Nb4 Qd6 34. Qf3 d4 35. cxd4 Qxb4 0-1

[Event "*** Titled Tuesday Blitz"]
[Site "Chess.com"]
[Date "2019.03.05"]
[Round "2"]
[White "Durarbayli"]
[Black "BlueWizzard"]
[Result "0-1"]
[WhiteElo "2766"]
[BlackElo "2662"]
[TimeControl "180+2"]
[EndTime "13:22:50 PST"]
[Termination "BlueWizzard won by resignation"]

1. d4 d5 2. Nf3 Nc6 3. Bf4 Bg4 4. Nbd2 e6 5. h3 Bxf3 6. Nxf3 Bd6 7. e3 Nge7 8. c3 O-O 9. Bd3 Ng6 10. Bxg6 fxg6 11.
Qd2 Qf6 12. Bxd6 cxd6 13. h4 Rad8 14. O-O-O b5 15. Kb1 Qf5+ 16. Qd3 Na5 17. Rhf1 Rb8 18. Ng5 Rfe8 19. f3 b4 20. e4 Qf6 21. exd5 exd5 22. Rfe1 bxc3 23. Qxc3 Nc4 24. Rxe8+ Rxe8 25. b3 Qf5+ 26. Ka1 Ne3 27. Qc6 Qf8 28. Rc1 h6 29. Nh3 Nxg2 30. Qxd5+ Kh8 31. Nf2 Nxh4 32. Qc6 Re2 33.
Ne4 Qxf3 34. Qa8+ Kh7 35. Kb1 Qd3+ 0-1

[Event "*** Titled Tuesday Blitz"]
[Site "Chess.com"]
[Date "2019.03.05"]
[Round "2"]
[White "Manukyan_Artak"]
[Black "2nd_life"]
[Result "0-1"]
[WhiteElo "2398"]
[BlackElo "2396"]
[TimeControl "180+2"]
[EndTime "13:22:52 PST"]
[Termination "2nd_life won by resignation"]

1. e4 e5 2. Nf3 Nc6 3. d4 exd4 4.
Nxd4 Bb4+ 5. c3 Be7 6. Nxc6 bxc6 7. Bd3 d6 8. O-O Nf6 9. Nd2 O-O 10. Qc2 a5 11. Rd1 Ba6 12. c4 Nd7 13. Nf3 Bf6 14. Rb1 Ne5 15. Nxe5 Bxe5 16. b3 c5 17. Bb2 Qf6 18.
Bxe5 Qxe5 19. Qb2 f6 20. Qxe5 fxe5 21. f3 Bb7 22. Bc2 Bc6 23. a3 Rfb8 24. Rb2 a4 25. b4 cxb4 26. Rxb4 Rxb4 27. axb4 a3 28. Ra1 Bd7 29. Kf2 Be6 30. Bb3 Kf7 31. Ke3 g5 32. Kd2 g4 33. fxg4 Bxg4 34. c5+ Be6 35. Bxe6+ Kxe6 36. cxd6 cxd6 37. Kc3 d5 38. exd5+ Kxd5 39. Kb3 e4 40. Ka2 e3 41. b5 Kd4 42. b6 e2 43. b7 Rb8 44. Kxa3 Rxb7 45. Rg1 Ke3 46. g4 Kf2 0-1

[Event "*** Titled Tuesday Blitz"]
[Site "Chess.com"]
[Date "2019.03.05"]
[Round "2"]
[White "Karina_Oparina"]
[Black "Grootneus"]
[Result "0-1"]
[WhiteElo "2171"]
[BlackElo "2188"]
[TimeControl "180+2"]
[EndTime "13:22:52 PST"]
[Termination "Grootneus won by resignation"]

1. Nf3 c5 2. g3 Nc6 3. Bg2 e5 4.
c4 Nf6 5. d3 d5 6. cxd5 Nxd5 7.
O-O Be7 8. Nc3 Nc7 9. Rb1 O-O 10.
a3 f6 11. Nd2 Be6 12. Qa4 Nd5 13. Nxd5 Bxd5 14. Bxd5+ Qxd5 15. Qc4 Qxc4 16. Nxc4 b5 17. Ne3 Nd4 18. Re1 Rac8 19. Bd2 Rfd8 20. b3 Rd6 21. Kf1 Ra6 22. Nd5 Kf7 23. a4 Rd8 24. axb5 Ra2 25. Nxe7 Kxe7 26. Be3 Rb8 27. b4 Nc2 28. Bxc5+ Ke6 29. Rec1 Rxb5 30. Rb3 a5 31. Rc3 Nxb4 32. Bxb4 axb4 33. Rc6+ Kd5 34. Rc8 b3 35. Rd8+ Ke6 36. e4 b2 0-1

[Event "*** Titled Tuesday Blitz"]
[Site "Chess.com"]
[Date "2019.03.05"]
[Round "2"]
[White "Tjktiger"]
[Black "fmshawnrl123"]
[Result "1-0"]
[WhiteElo "2802"]
[BlackElo "2574"]
[TimeControl "180+2"]
[EndTime "13:23:00 PST"]
[Termination "Tjktiger won by resignation"]

1. d4 Nf6 2. c4 e6 3. g3 Be7 4.
Bg2 O-O 5. Nf3 b6 6. O-O Bb7 7. Nc3 Ne4 8. Bd2 f5 9. Nxe4 Bxe4 10. Ne1 Bxg2 11. Nxg2 Bf6 12. Bc3 a5 13. h4 Qe7 14. Nf4 g6 15. e3 Nc6 16. a3 a4 17.
Rc1 Qf7 18. Qf3 Rae8 19. Kg2 e5 20. Nd5 exd4 21. Nxf6+ Qxf6 22. exd4 f4 23. Rce1 Qf5 24. g4 Qf6 25. Qd5+ Qf7 26. Qxf7+ Kxf7 27. Kf3 Rxe1 28. Rxe1 g5 29. h5 d6 30. d5 Nd8 31. h6 Kg6 32. Re7 Rf7 33. Re8 Nb7 34. Re6+ 1-0

[Event "*** Titled Tuesday Blitz"]
[Site "Chess.com"]
[Date "2019.03.05"]
[Round "2"]
[White "Keaton87"]
[Black "dreamist"]
[Result "0-1"]
[WhiteElo "2550"]
[BlackElo "2725"]
[TimeControl "180+2"]
[EndTime "13:23:03 PST"]
[Termination "dreamist won by resignation"]

1. Nf3 c5 2. e4 d6 3. d4 Nf6 4. Nc3 cxd4 5. Nxd4 a6 6. Bg5 Nbd7 7. f4 Qc7 8. Qe2 e6 9. O-O-O b5 10. g4 Bb7 11. Bg2 Rc8 12. Rhe1 Be7 13. Nd5 exd5 14. exd5 O-O 15. Qxe7 Rfe8 16. Bxf6 Rxe7 17. Bxe7 Nb6 18. Nc6 Nxd5 19. Bxd5 Bxc6 20. Bxd6 Qb6 21. Bb3 Bf3 22. Re7 Bxd1 23. Rxf7 Qe3+ 24. Kxd1 Kh8 25. Rd7 Qf3+ 26. Kd2 Qxg4 27. Ra7 Qg2+ 28. Kd3 Qf3+ 29. Kd2 Qf2+ 0-1

[Event "*** Titled Tuesday Blitz"]
[Site "Chess.com"]
[Date "2019.03.05"]
[Round "2"]
[White "j2806"]
[Black "Andrew-FB00"]
[Result "0-1"]
[WhiteElo "1810"]
[BlackElo "1856"]
[TimeControl "180+2"]
[EndTime "13:23:04 PST"]
[Termination "Andrew-FB00 won by resignation"]

1. e4 e5 2. Nf3 Nc6 3. Bb5 a6 4. Ba4 Nf6 5. d3 b5 6. Bb3 Bc5 7. O-O d6 8. c3 O-O 9. h3 Bb6 10. Nbd2 Ne7 11. Re1 Ng6 12. Nf1 Bb7 13. Ng3 Qd7 14.
d4 Rfe8 15. d5 Bc8 16. Bg5 Qd8 17. Nh4 Nxh4 18. Bxh4 h6 19. Qf3 g5 20. Bxg5 hxg5 21.
Nf5 Bxf5 22. Qxf5 Nh7 23. g3 Qf6 24. Qxf6 Nxf6 25. Kg2 Kg7 26. Bc2 Nd7 27. f3 f6 28.
g4 Rh8 29. Kg3 Rh4 30. b4 Rah8 31. Rh1 Nf8 32. Rae1 Ng6 33. Re2 Nf4 34. Reh2 Be3 35. Bb1 R8h6 36. a3 Ng6 37. Bc2 Bf4+ 0-1

[Event "*** Titled Tuesday Blitz"]
[Site "Chess.com"]
[Date "2019.03.05"]
[Round "2"]
[White "RiskyDecision"]
[Black "Tiqr777"]
[Result "1-0"]
[WhiteElo "2449"]
[BlackElo "2496"]
[TimeControl "180+2"]
[EndTime "13:23:05 PST"]
[Termination "RiskyDecision won by resignation"]

1. d4 Nf6 2. c4 c5 3. d5 e6 4. Nc3 exd5 5. cxd5 d6 6. Nf3 g6 7. Bf4 a6 8. a4 Bg7 9. e3 O-O 10. h3 Qe7 11. Nd2 Nbd7 12. Nc4 Ne8 13. Be2 f5 14.
O-O Ne5 15. Nb6 Rb8 16. a5 Nf6 17. Rb1 Nfd7 18. Nxc8 Rfxc8 19. Qd2 Nf6 20. Rfc1 Qe8 21. b4 cxb4 22. Rxb4 Rxc3 23. Rxc3 Ne4 24. Rxe4 fxe4 25.
Rc7 Qa4 26. Kh2 Nf7 27. Qc1 Be5 28. Rc8+ Rxc8 29. Qxc8+ Kg7 30. Bxe5+ Nxe5 31. Qxb7+ Kh6 32. Qxa6 Qb4 33. Qb6 Qe1 34. Qxd6 Nf7 35. Qf4+ Kg7 36. a6 Qxe2 37. a7 Qa6 38. Qb8 1-0

[Event "*** Titled Tuesday Blitz"]
[Site "Chess.com"]
[Date "2019.03.05"]
[Round "2"]
[White "Oleg_Papayan"]
[Black "Svet99"]
[Result "1-0"]
[WhiteElo "2218"]
[BlackElo "2152"]
[TimeControl "180+2"]
[EndTime "13:23:06 PST"]
[Termination "Oleg_Papayan won by checkmate"]

1. e4 c6 2. d4 d5 3. Nc3 dxe4 4. Nxe4 Bf5 5. Ng3 Bg6 6. Nf3 Nd7 7. h4 h6 8. h5 Bh7 9. Bd3 Bxd3 10. Qxd3 Ngf6 11. Bd2 e6 12. O-O-O Be7 13. Nf1 O-O 14. g4 Nxg4 15. Qe2 Ngf6 16. Ne5 Qb6 17. Rg1 Kh8 18. Bxh6 gxh6 19. Qe3 Kh7 20. Qd3+ Kh8 21. Qg3 Nxh5 22. Qh3 Nxe5 23. Qxh5 Ng6 24. Rxg6 fxg6 25. Qxh6+ Kg8 26. Qxg6+ Kh8 27. Ne3 Qd8 28. Rg1 Bf6 29. Qh6# 1-0

[Event "*** Titled Tuesday Blitz"]
[Site "Chess.com"]
[Date "2019.03.05"]
[Round "2"]
[White "GMKrikor"]
[Black "Witik"]
[Result "1/2-1/2"]
[WhiteElo "2732"]
[BlackElo "2666"]
[TimeControl "180+2"]
[EndTime "13:23:07 PST"]
[Termination "Game drawn by agreement"]

1. e4 c6 2. Nf3 d5 3. Nc3 Bg4 4. h3 Bxf3 5. Qxf3 Nf6 6. d3 e6 7. g3 Bb4 8. Bg2 d4 9. a3 Qa5 10. axb4 Qxa1 11. Ne2 e5 12. O-O Qa2 13. g4 Nbd7 14. Ng3 O-O 15. g5 Ne8 16. h4 Qe6 17. Kh2 f6 18. Bh3 Qf7 19. Nf5 Kh8 20. Rg1 fxg5 21.
Qg2 g6 22. Nh6 Qg7 23. hxg5 Nc7 24. Kg3 Rae8 25. Rf1 Ne6 26. Bxe6 Rxe6 27. f4 exf4+ 28. Bxf4 Ree8 29. Qh3 Ne5 30. Kg2 Nf7 31. Ng4 Nd8 32. Be5 Rxe5 33. Rxf8+ Qxf8 34. Nxe5 Qe8 35. Ng4 1/2-1/2

[Event "*** Titled Tuesday Blitz"]
[Site "Chess.com"]
[Date "2019.03.05"]
[Round "2"]
[White "FedaMaster"]
[Black "Chessmatus"]
[Result "0-1"]
[WhiteElo "2443"]
[BlackElo "2288"]
[TimeControl "180+2"]
[EndTime "13:23:07 PST"]
[Termination "Chessmatus won by resignation"]

1. e4 c5 2. d4 cxd4 3. c3 dxc3 4. Nxc3 d6 5. Nf3 e6 6. Bc4 Nc6 7. O-O Nf6 8. Qe2 Be7 9. Rd1 e5 10. Be3 O-O 11. b4 Be6 12. Bxe6 fxe6 13. b5 Na5 14. Nxe5 Qc8 15. Rac1 dxe5 16. Nd5 Qe8 17. Nc7 Qg6 18. Nxa8 Rxa8 19. Rc7 Bd8 20. Rcc1 Qxe4 21. f3 Qg6 22. Bxa7 Be7 23. Bb6 e4 24. Rc7 Nd5 25. Bxa5 Rxa5 26.
Rxd5 exd5 27. Rxe7 Qb6+ 28. Kh1 Rxb5 29. h3 Rb1+ 30. Kh2 Qd6+ 31. f4 Qxe7 32. Qc2 Rb6 33. Qc8+ Qf8 34. Qc7 Rf6 35. g3 e3 36. Qe5 d4 37.
Qxd4 Qe7 38. Qc4+ Rf7 39. Qc8+ Rf8 40. Qc4+ Kh8 41. Qe2 Rd8 42. Kg1 Rd2 43. Qc4 Rd8 44. Qe2 Qc5 45. Qe1 e2+ 46. Kh2 Qe3 47. h4 h6 48. h5 Qd2 0-1

[Event "*** Titled Tuesday Blitz"]
[Site "Chess.com"]
[Date "2019.03.05"]
[Round "2"]
[White "saraswathii"]
[Black "PawnEatingZombie"]
[Result "1-0"]
[WhiteElo "2250"]
[BlackElo "2137"]
[TimeControl "180+2"]
[EndTime "13:23:09 PST"]
[Termination "saraswathii won by resignation"]

1. d4 d5 2. Bf4 c5 3. c3 Nc6 4. e3 Nf6 5. Nf3 Qb6 6. Qb3 c4 7. Qc2 Bf5 8. Qc1 e6 9. Nbd2 h6 10. Be2 Be7 11. h3 Qd8 12. O-O O-O 13. Ne5 Nxe5 14.
Bxe5 Nd7 15. Bg3 b5 16. Bf3 Bd3 17. Re1 f5 18. Be2 Bxe2 19. Rxe2 g5 20. Bh2 b4 21. b3 bxc3 22. Qxc3 cxb3 23. axb3 Qc8 24. Qd3 Qc6 25. Ree1 Rfc8 26. Nf3 Qc2 27. Qb5 Qc6 28. Qe2 a5 29.
Ne5 Nxe5 30. Bxe5 Qe8 31. Rec1 Bb4 32. Rxc8 Rxc8 33. Qa6 Kf7 34. Qb7+ Be7 35. Rxa5 Rd8 36. Ra7 Kf8 37. b4 Qf7 38. b5 f4 39. Bc7 Re8 40. Bd6 fxe3 41. fxe3 Qf6 42. Bxe7+ Qxe7 43. Qxe7+ Rxe7 44. b6 1-0

[Event "*** Titled Tuesday Blitz"]
[Site "Chess.com"]
[Date "2019.03.05"]
[Round "2"]
[White "Hongjin"]
[Black "mlchen"]
[Result "1-0"]
[WhiteElo "2529"]
[BlackElo "2426"]
[TimeControl "180+2"]
[EndTime "13:23:11 PST"]
[Termination "Hongjin won by resignation"]

1. c4 e5 2. Nc3 Nf6 3. e3 d5 4. cxd5 Nxd5 5. Nf3 Nxc3 6. bxc3 Bd6 7. d4 exd4 8. cxd4 O-O 9. Bd3 c5 10. O-O cxd4 11.
Nxd4 Nd7 12. Nf5 Be5 13. Rb1 Nc5 14. Bc2 Qf6 15. Ng3 Rd8 16. Qe2 Be6 17. Ba3 Rac8 18. Bxc5 Rxc5 19. Ne4 Qh6 20. f4 Bc4 21. Qf2 Bxf1 22.
Nxc5 Bxg2 23. Qxg2 Bxf4 24. exf4 Qxf4 25. Nd3 Qe3+ 26.
Kh1 b6 27. Re1 Qd4 28. Qe4 Qd7 29. Ne5 Qh3 30. Nxf7 Kxf7 31. Qe7+ Kg8 32. Qxd8+ Kf7 33. Qe7+ 1-0

[Event "*** Titled Tuesday Blitz"]
[Site "Chess.com"]
[Date "2019.03.05"]
[Round "2"]
[White "Alopekos"]
[Black "FrenchandSlav"]
[Result "1-0"]
[WhiteElo "2441"]
[BlackElo "2268"]
[TimeControl "180+2"]
[EndTime "13:23:14 PST"]
[Termination "Alopekos won by checkmate"]

1. e4 e6 2. d4 d5 3. Nc3 Bb4 4. e5 c5 5. a3 Ba5 6. b4 cxd4 7. Nb5 Bc7 8. f4 Ne7 9. Nf3 Bd7 10. Nxc7+ Qxc7 11. Bb2 Ba4 12. Nxd4 Qb6 13. Qg4 O-O 14. Bd3 Nbc6 15.
O-O-O Nxd4 16. Bxd4 Qc6 17. Kb2 Rfc8 18. Rd2 Rc7 19. Qh3 Ng6 20. g4 Bb5 21. f5 Nf4 22. Qe3 Nxd3+ 23. cxd3 Rac8 24. f6 h6 25. fxg7 Kxg7 26.
Qf4 Ba4 27. Rf1 a5 28. g5 hxg5 29. Qxg5+ Kf8 30. Bc5+ Ke8 31. Qg8+ Kd7 32. Rxf7# 1-0

[Event "*** Titled Tuesday Blitz"]
[Site "Chess.com"]
[Date "2019.03.05"]
[Round "2"]
[White "Barcelona_Guy"]
[Black "Ar4uha"]
[Result "0-1"]
[WhiteElo "2728"]
[BlackElo "2471"]
[TimeControl "180+2"]
[EndTime "13:23:16 PST"]
[Termination "Ar4uha won by resignation"]

1. d4 Nf6 2. c4 e6 3. Nf3 b6 4. g3 Ba6 5. b3 d5 6. Bg2 Bb4+ 7. Bd2 Bd6 8. O-O O-O 9. Bc3 Nbd7 10. Nbd2 c5 11.
Qc2 Rc8 12. Rad1 Qe7 13. Qb2 cxd4 14. Nxd4 Nc5 15. Nb5 Bxb5 16. cxb5 e5 17. Qa1 d4 18. Bb2 Rfd8 19. Nc4 Nce4 20. e3 Bc5 21. exd4 Bxd4 22. Bxd4 Rxd4 23. Rxd4 exd4 24. Qxd4 Qc5 25. Qxc5 Rxc5 26.
Re1 Nc3 27. a4 Nxa4 28. Re7 Nc3 29. Rxa7 g6 30. Nxb6 Ne2+ 31. Kf1 Nd4 32. Bc6 Nxb5 33. Ra8+ Kg7 34. Bb7 Nd4 35. Ra4 Nxb3 36. Rb4 Rc1+ 37. Kg2 Nc5 38. Bf3 Nd3 39. Rb3 Ne1+ 40. Kh3 h5 41. Na4 Nh7 42. Be2 Ng5+ 43. Kh4 Ng2+ 0-1

[Event "*** Titled Tuesday Blitz"]
[Site "Chess.com"]
[Date "2019.03.05"]
[Round "2"]
[White "GM_dmitrij"]
[Black "vpantev"]
[Result "1-0"]
[WhiteElo "2871"]
[BlackElo "2625"]
[TimeControl "180+2"]
[EndTime "13:23:17 PST"]
[Termination "GM_dmitrij won by resignation"]

1. e4 c6 2. d4 d5 3. e5 Bf5 4.
Nd2 e6 5. Nb3 Ne7 6. Nf3 a5 7.
a4 Nd7 8. Be2 Nc8 9. O-O Be7 10.
Bd2 O-O 11. Rc1 Be4 12. Qe1 Qc7 13. Ng5 Bg6 14. f4 b6 15. g4 Bxg5 16. fxg5 c5 17.
c3 Ne7 18. Be3 Nc6 19. h4 Be4 20. Nd2 Ne7 21. h5 Qc6 22. Bb5 Qc7 23. h6 g6 24.
Bxd7 Qxd7 25. Qf2 Bf5 26. gxf5 Nxf5 27. dxc5 bxc5 28. Bxc5 Rfc8 29. b3 Rab8 30. Be3 Qc7 31. Bf4 Qb7 32. c4 d4 33. Qg2 Qb4 34. Rf3 Qa3 35.
Qf1 Rd8 36. Rd3 Qb2 37. Rb1 Qa3 38. Ne4 Qa2 39. Qd1 Kh8 40. Ra1 Qb2 41. Rd2 Qxb3 42. Qxb3 Rxb3 43. Nd6 Nh4 44. Rdd1 Kg8 45. Rab1 Rf3 46.
Rf1 Ra3 47. c5 d3 48. c6 Rc3 49. Rbc1 Nf3+ 50. Rxf3 1-0

[Event "*** Titled Tuesday Blitz"]
[Site "Chess.com"]
[Date "2019.03.05"]
[Round "2"]
[White "orrbaverlekszarnyon"]
[Black "DonPreuss"]
[Result "0-1"]
[WhiteElo "2154"]
[BlackElo "2210"]
[TimeControl "180+2"]
[EndTime "13:23:17 PST"]
[Termination "DonPreuss won by resignation"]

1. e4 Nc6 2. d4 e5 3. Nf3 exd4 4. Nxd4 Bc5 5. Nb3 Bb6 6. Qe2 d6 7. Be3 Nge7 8. Nc3 O-O 9. O-O-O Bxe3+ 10. Qxe3 a5 11.
Kb1 a4 12. Nd4 Nxd4 13. Qxd4 Nc6 14. Qe3 Be6 15. Nd5 Qb8 16. Nf4 b5 17. h4 b4 18.
Nxe6 fxe6 19. Bc4 Re8 20. Qg5 Ne5 21. Bd3 c5 22. f4 Nxd3 23. Rxd3 c4 24. Rg3 Ra7 25. f5 Rf8 26. fxe6 Qe8 27. Qd5 Re7 28. h5 Rxe6 29. h6 g6 30. Qxc4 Rf7 31. Re3 Kf8 32.
Qxb4 Ref6 33. a3 Rf2 34. Qxd6+ Kg8 35. Qd4 Qe6 36. Qd5 Qc8 37. Rd1 Qxc2+ 0-1

[Event "*** Titled Tuesday Blitz"]
[Site "Chess.com"]
[Date "2019.03.05"]
[Round "2"]
[White "M1711"]
[Black "tunadrol"]
[Result "1-0"]
[WhiteElo "2520"]
[BlackElo "2483"]
[TimeControl "180+2"]
[EndTime "13:23:18 PST"]
[Termination "M1711 won by resignation"]

1. d4 Nf6 2. Bg5 g6 3. Bxf6 exf6 4. e3 d5 5. g3 Bd6 6. Bg2 c6 7. Ne2 O-O 8. O-O Nd7 9. c4 dxc4 10. Nd2 f5 11. Nxc4 Bc7 12. b4 Nf6 13. Rb1 Be6 14. Qc2 Bd5 15. a4 Ne4 16. Rfd1 Ng5 17. Nd2 Re8 18. Nc3 Ne4 19. Ndxe4 fxe4 20. Bxe4 Bxe4 21. Nxe4 Qe7 22. Nc5 Bd6 23. Nd3 h5 24. Qe2 Qg5 25. Qf3 Re6 26. h4 Qe7 27. b5 Rf6 28.
Qg2 Rc8 29. Rdc1 Ba3 30. Rc2 Qd6 31. Ne5 c5 32. Nc4 Qe6 33. Nxa3 Qf5 34. Rbc1 Qd3 35. Rc3 Qd2 36. f3 Qxg2+ 37. Kxg2 1-0

[Event "*** Titled Tuesday Blitz"]
[Site "Chess.com"]
[Date "2019.03.05"]
[Round "2"]
[White "IakovUlivar"]
[Black "NemtsevIgor"]
[Result "1-0"]
[WhiteElo "2517"]
[BlackElo "2339"]
[TimeControl "180+2"]
[EndTime "13:23:18 PST"]
[Termination "IakovUlivar won by resignation"]

1. e4 c6 2. Nc3 d5 3. Nf3 Bg4 4. h3 Bh5 5. exd5 cxd5 6. g4 Bg6 7. Ne5 Nc6 8. d4 e6 9. h4 f6 10. h5 fxe5 11. hxg6 h6 12. dxe5 Nxe5 13. Bb5+ Nc6 14. Qf3 Qf6 15. Qxf6 gxf6 16. f4 O-O-O 17. Bxc6 bxc6 18.
f5 Bb4 19. Bd2 Ne7 20. O-O-O exf5 21. gxf5 Nxf5 22. Rhf1 Bxc3 23. Bxc3 Ne3 24. Bxf6 Nxd1 25. Bxd8 Ne3 26. g7 Rg8 27. Rf8 Rxg7 28. Bf6+ Kd7 29.
Bxg7 h5 30. Bd4 Ng4 31. Rh8 Kd6 32. Rxh5 c5 33. Rg5 Nh2 34. Rg6+ Kd7 35. Bxc5 1-0

[Event "*** Titled Tuesday Blitz"]
[Site "Chess.com"]
[Date "2019.03.05"]
[Round "2"]
[White "Lovkov_Roman"]
[Black "kingmonkey2006"]
[Result "0-1"]
[WhiteElo "2594"]
[BlackElo "2529"]
[TimeControl "180+2"]
[EndTime "13:23:19 PST"]
[Termination "kingmonkey2006 won by resignation"]

1. e4 c5 2. Nf3 d6 3. c3 Nf6 4. Bd3 g6 5. Bc2 Bg7 6. O-O O-O 7. d4 cxd4 8. cxd4 Bg4 9. h3 Bxf3 10. Qxf3 Nc6 11.
Rd1 Nd7 12. Be3 Qb6 13. Bb3 Nxd4 14. Bxd4 Bxd4 15. Nc3 Bg7 16. Nd5 Qd8 17. Qe2 Nc5 18. Bc4 a6 19. Rac1 b5 20. Bb3 Nxb3 21. axb3 e6 22. Nb4 Qg5 23. Rc6 a5 24. Nd3 Rfd8 25. Ne1 Qe5 26. Rd2 d5 27. exd5 Qxe2 28. Rxe2 Rxd5 29.
Nf3 Rd3 30. Rc7 Rxb3 31. Rd2 Bf6 32. Rdd7 Rf8 33. Nd2 Rxb2 34. g4 h6 35. Ne4 Bh4 36. Ra7 a4 37. Rdb7 Re2 38. f3 Rb2 39. Rxa4 bxa4 40. Rxb2 a3 41. Ra2 Be7 42. Kf2 Rb8 43.
Ke3 Rb3+ 44. Ke2 f5 45. Nd2 Rb2 46. Rxb2 axb2 47. Kd3 Bf6 48. Kc2 Kf7 49. Nc4 Bd4 50. Nxb2 Bxb2 51. Kxb2 Kf6 52. Kc2 Ke5 53. Kd2 Kf4 54.
Ke2 0-1

[Event "*** Titled Tuesday Blitz"]
[Site "Chess.com"]
[Date "2019.03.05"]
[Round "2"]
[White "Fivetrick"]
[Black "jmduque"]
[Result "0-1"]
[WhiteElo "2475"]
[BlackElo "2358"]
[TimeControl "180+2"]
[EndTime "13:23:22 PST"]
[Termination "jmduque won on time"]

1. e4 e5 2. Nf3 Nc6 3. Bb5 a6 4. Ba4 Nf6 5. O-O Be7 6. Re1 b5 7. Bb3 d6 8. c3 O-O 9. h3 Nb8 10. d4 Nbd7 11. Nbd2 Bb7 12. Bc2 Re8 13. Nf1 Bf8 14.
Ng3 g6 15. Nh2 d5 16. dxe5 Nxe5 17. f4 Bc5+ 18. Kh1 Nc4 19. e5 Ne4 20. Nxe4 dxe4 21. Qe2 e3 22. Ng4 Qh4 23. Kh2 Kh8 24. b3 Nd2 25.
Bxd2 exd2 26. Qxd2 Rad8 27. Qe2 h5 28. g3 Qe7 29.
Nf6 Rf8 30. Nxh5 b4 31. Nf6 bxc3 32. Qg4 Rd2+ 33. Re2 Rxe2+ 34. Qxe2 Rd8 35. Rd1 Bb4 36. Qg4 Kg7 37. Qh4 Rh8 38. Qg5 Qc5 0-1

[Event "*** Titled Tuesday Blitz"]
[Site "Chess.com"]
[Date "2019.03.05"]
[Round "2"]
[White "Off-War"]
[Black "ER404"]
[Result "1-0"]
[WhiteElo "2505"]
[BlackElo "2288"]
[TimeControl "180+2"]
[EndTime "13:23:25 PST"]
[Termination "Off-War won by resignation"]

1. e4 c6 2. d4 d5 3. e5 Bf5 4.
Nf3 e6 5. Be2 Ne7 6. O-O c5 7.
c4 Nbc6 8. Na3 dxc4 9. dxc5 Nd5 10. Nxc4 Bxc5 11. a3 O-O 12. Bg5 Be7 13. Bxe7 Qxe7 14. Rc1 Rfd8 15. Qa4 Nf4 16. Rfe1 Nxe2+ 17. Rxe2 Bd3 18.
Re3 Bxc4 19. Qxc4 Qd7 20. h3 Qd5 21. Qf4 h6 22. b4 Rac8 23. Rec3 Ne7 24. Qe3 Rxc3 25.
Rxc3 a6 26. Rc7 Rd7 27. Qb6 Rxc7 28. Qxc7 Ng6 29. h4 Nf4 30. Kh2 Nd3 31. Qc8+ Kh7 32. Qc2 g6 33. h5 Nxe5 34. hxg6+ Nxg6 35. Qc7 Qh5+ 36. Kg1 Qf5 37. Qxb7 Kg7 38. Qxa6 Nf4 39. Qf1 Nh3+ 40. gxh3 Qxf3 41. Qg2+ Qxg2+ 42. Kxg2 Kf6 43. Kf3 Ke5 44. Ke3 Kd5 45. b5 Kc5 46. a4 e5 47. Ke4 f6 48. f4 1-0

[Event "*** Titled Tuesday Blitz"]
[Site "Chess.com"]
[Date "2019.03.05"]
[Round "2"]
[White "MatBobula"]
[Black "GameOverBro"]
[Result "1-0"]
[WhiteElo "2274"]
[BlackElo "2413"]
[TimeControl "180+2"]
[EndTime "13:23:26 PST"]
[Termination "MatBobula won by resignation"]

1. d4 d6 2. c4 Nf6 3. Nf3 Nbd7 4. g3 e5 5. Bg2 Be7 6. O-O O-O 7. Nc3 c6 8. e4 a6 9. a4 a5 10. h3 exd4 11.
Nxd4 Nc5 12. Qc2 Re8 13. Be3 Qc7 14. Rad1 Bf8 15. Rfe1 Bd7 16. f4 Rad8 17. Kh2 h5 18. Bf2 g6 19. Nf3 Bg7 20. e5 dxe5 21. Bxc5 exf4 22. Bd6 fxg3+ 23. Bxg3 Qc8 24. Rxe8+ Rxe8 25. Ng5 Bf5 26. Qf2 Bh6 27. Nf3 Be3 28. Qf1 g5 29. Nd4 Bxd4 30. Rxd4 h4 31. Bd6 Qe6 32. c5 Kg7 33.
Qc1 Kg6 34. Rd2 g4 35. Re2 g3+ 36. Kg1 Qc4 37. Rxe8 Nxe8 38. Qd2 Nf6 39. Qf4 Qd3 40. Bf1 Qc2 41. Ne2 Ne4 42. Qxh4 Qd2 43. Bf4 Ng5 44. Qxg5+ Kh7 45. Bxd2 1-0